cohdb
Replays
Latest Replays
All Replays
Popular Replays
Top Player Replays
Match Explorer
How It Works
Community
CoH3 Stats
Reddit
Sign in to upload your games and track your stats! →
Sign in with Steam
Match 40916522
Unlisted
Match 40916522
Overview
Messages
Build Orders
End
Pioneer Squad
Pioneer Squad
Construct Infanterie Kompanie
Selects Terror Battlegroup
Selects Machine Gun Camouflage
MG 42 Machine Gun Team
MG 42 Machine Gun Team
Medical Station
Selects Interrogate
Construct Luftwaffe Kompanie
MG 42 Bunker
Jäger Squad
Jäger Squad
Luftwaffe Officer Quarters
GrW 34 Mortar Team
GrW 34 Mortar Team
MG 42 Machine Gun Team
Construct Panzer Kompanie
Selects Defend the Fatherland
Stoßtruppen Squad
Defend the Fatherland
Stoßtruppen Squad
Stoßtruppen Squad
MG 42 Machine Gun Team
Panzer Officer Quarters
Selects King Tiger Heavy Tank
Repair Bunker
King Tiger Heavy Tank
Selects Propaganda Leaflet Drop
Propaganda Leaflet Drop
十_Fck
Frangerhawer
TiMMi_ks
[PD]roarr
[PD]Brink
Hodolf
0
0
Comments
sign in to comment!
No comments posted yet!